 Dungeon Crawl Stone Soup version 0.30-a0-711-gf4ac18a38d (webtiles) character file.

Game seed: 14832054036250281221

10489 greenreed the Brawler (level 11, -3/105 HPs)
             Began as a Troll Monk on Jan 22, 2023.
             Was the Champion of Okawaru.
             Hit by a large rock thrown by a cyclops (13 damage)
             ... on level 11 of the Dungeon.
             The game lasted 00:24:02 (7455 turns).

greenreed the Brawler (Troll Monk)                  Turns: 7455, Time: 00:24:03

Health: -3/105     AC:  7    Str: 25    XL:     11   Next: 36%
Magic:  10/10      EV: 11    Int:  6    God:    Okawaru [******]
Gold:   462        SH:  5    Dex: 12    Spells: 10/10 levels left

rFire   . . .      SeeInvis .      - Unarmed
rCold   . . .      Faith    .    K - orb {light}
rNeg    . . .      Spirit   .    H - +0 steam dragon scales
rPois   .          Reflect  +    (helmet restricted)
rElec   .          Harm     .    (no cloak)
rCorr   .          Rampage  .    (gloves unavailable)
Will    .....                    (boots unavailable)
Stlth   +                        L - amulet of reflection
HPRegen 1.17/turn                (no ring)
MPRegen 0.12/turn                (no ring)

@: glowing, studying Necromancy
A: large, unfitting armour, claws 3, regeneration 1, shaggy fur 1, tough skin 1
a: Renounce Religion, Heroism, Finesse, Duel


You were on level 11 of the Dungeon.
You worshipped Okawaru.
Okawaru was exalted by your worship.
You visited 2 branches of the dungeon, and saw 12 of its levels.
You also visited: Sewer.

You collected 813 gold pieces.
You spent 351 gold pieces at shops.

Inventory:

Hand Weapons
 q - the +8 whip "Snakebite" {venom, curare, rPois}
   (You took it off Amaemon on level 9 of the Dungeon)

   rPois:     It protects you from poison.
Missiles
 A - 6 boomerangs of dispersal
 I - a javelin
 Q - 6 datura-tipped darts (quivered)
 T - a curare-tipped dart
 U - 5 large rocks
Armour
 a - a +0 robe
 H - +0 steam dragon scales (worn)
 K - an orb of light (worn)
Jewellery
 p - a ring of ice
 w - an amulet of magic regeneration
 x - a ring of wizardry
 y - a ring of ice
 B - a ring of wizardry
 L - an amulet of reflection (around neck)
Wands
 t - a wand of iceblast (3)
 z - a wand of mindburst (18)
 D - a wand of acid (6)
 J - a wand of flame (25)
 P - a wand of polymorph (7)
Scrolls
 d - 8 scrolls of poison {unknown}
 e - 11 scrolls of identify
 g - a scroll of acquirement {unknown}
 h - 4 scrolls of noise {unknown}
 i - 5 scrolls of immolation {unknown}
 k - 2 scrolls of amnesia {unknown}
 m - 2 scrolls of enchant armour {unknown}
 o - 3 scrolls of fog {unknown}
 r - 2 scrolls of enchant weapon {unknown}
 u - 3 scrolls of teleportation
 C - 2 scrolls of magic mapping {unknown}
 E - 2 scrolls of blinking
 G - 3 scrolls of fear {unknown}
Potions
 b - 3 potions of ambrosia
 c - 4 potions of might
 f - 2 potions of attraction {unknown}
 j - 6 potions of curing
 l - a potion of flight {unknown}
 n - 2 potions of lignification {unknown}
 v - a potion of cancellation {unknown}
 F - 3 potions of haste {unknown}
 M - 2 potions of mutation {unknown}
 N - a potion of invisibility {unknown}
 O - a potion of brilliance {unknown}
 R - 2 potions of berserk rage {unknown}
 S - 2 potions of heal wounds
Miscellaneous
 s - a condenser vane


   Skills:
 * Level 6.0 Fighting
 + Level 1.0 Maces & Flails
 + Level 5.2 Dodging
 + Level 2.3 Stealth
 + Level 1.7 Shields
 * Level 15.2 Unarmed Combat
 + Level 0.3 Evocations


You had 10 spell levels left.
You didn't know any spells.
Your spell library contained the following spells:

 Spells                   Type           Power      Damage    Failure   Level
 Magic Dart               Conj           0%         1d3       45%         1
 Searing Ray              Conj           0%         2d4       58%         2
 Gell's Gravitas          Tloc           0%         N/A       83%         3
 Ignite Poison            Fire/Tmut/Pois 0%         N/A       83%         3
 Kindle Blastsparks       Fire/Tloc/Air  0%         2d10      83%         3
 Teleport Other           Tloc           0%         N/A       83%         3
 Cause Fear               Hex            0%         N/A       99%         4
 Fulminant Prism          Conj/Hex       0%         3d5       99%         4
 Passage of Golubria      Tloc           0%         N/A       99%         4
 Freezing Cloud           Conj/Ice/Air   0%         6-21      100%        5
 Yara's Violent Unravell  Hex/Tmut       0%         3d3       100%        5
 Dispersal                Tloc           0%         N/A       100%        6
 Dragon Form              Tmut           0%         N/A       100%        7
 Tukima's Dance           Hex            Unusable   N/A       N/A         3
 Dragon's Call            Summ           Unusable   N/A       N/A         9

Dungeon Overview and Level Annotations

Branches:
Dungeon (11/15)            Temple (1/1) D:4             Orc (0/2) D:9
  Sewer (visited)
   Lair: D:8-11

Altars:
Ashenzari
Cheibriados
Dithmenos
Elyvilon
Fedhas
Gozag
Hepliaklqana
Kikubaaqudgha
Makhleb
Nemelex Xobeh
Okawaru
Qazlal
Ru
Sif Muna
Trog
Uskayaw
Vehumet
Wu Jian
Xom
Yredelemnul
Zin
The Shining One

Shops:
D:3 !   D:4 (   D:5 *   D:6 !   D:7 !*[[:

Annotations:
D:3 3 runed translucent doors, Palms's ghost, amateur TrWr; avis's ghost, amateur DgHu


Innate Abilities, Weirdness & Mutations

You are too large for most types of armour.
You have claws for hands.
Your natural rate of healing is unusually fast.
You are covered in fur. (AC +1)
You have tough skin. (AC +1)


Message History

Things that are here:
5 large rocks; a cyclops corpse
U - 5 large rocks A centaur comes into view.
The centaur moves out of view. 2 centaurs come into view.
Found 4 stones.
The centaur shouts!
The cyclops throws a large rock.
The large rock hits you!!!
The centaur wields a +0 shortbow.
The centaur shoots an arrow.
The arrow hits you!
The centaur shouts!
You hear a shout!
You hear a shout!
A centaur comes into view. x2
The cyclops throws a large rock.
The large rock hits you!!
* * * LOW HITPOINT WARNING * * *
The centaur wields a +0 shortbow.
The centaur shoots an arrow.
The arrow barely misses you.
The centaur moves out of view.
The centaur shouts!
The centaur wields a +0 shortbow.
The centaur shoots an arrow.
The arrow hits you!
* * * LOW HITPOINT WARNING * * *
The centaur wields a +0 shortbow.
The centaur shoots an arrow.
The arrow misses you.
The centaur shoots an arrow.
The arrow hits you!
* * * LOW HITPOINT WARNING * * *
The centaur shoots an arrow.
The arrow barely misses you.
The cyclops throws a large rock.
You reflect the large rock off an invisible shield around you!
The large rock hits the cyclops!!!
You see here a cyclops corpse.
You see here a +1 battleaxe of draining.
The centaur shoots an arrow.
The arrow closely misses you.
You hear a shout!
There is a stone staircase leading up here.
The centaur shoots an arrow.
You reflect the arrow off an invisible shield around you!
The arrow hits the centaur!
The cyclops throws a large rock.
The large rock hits you!
You die...

..c ..#.##.).#
#.#.#.#......#
...$.cc......# #
#(...cCc.....####.
..#..............
...............#
..^............#
#≈≈≈≈.....†....#
≈≈≈#####...)@..#
## #....##.#
#....# # #....#
######


You could see a cyclops and 4 centaurs.

Vanquished Creatures
  A two-headed ogre (D:10)
  Amaemon (D:9)
  A cyclops (D:11)
  An orange demon (D:9)
  A troll (D:10)
  A wyvern (D:10)
  15 yaks
  3 steam dragons
  A warg (D:9)
  A hornet zombie (D:8)
  6 orc warriors
  3 black bears
  A sky beast (D:8)
  3 ice beasts
  6 centaurs
  4 ogres
  Blork the orc (D:4)
  2 necrophages
  6 bullfrogs
  4 scorpions
  A wyvern zombie (D:8)
  14 wights
  9 killer bees
  12 howler monkeys
  2 centaur zombies (D:8)
  A jelly (D:6)
  A human zombie (D:8)
  6 orc priests
  3 hounds
  Jessica (D:2)
  Ijyb (D:5)
  Terence (D:2)
  7 iguanas
  5 orc wizards
  A killer bee zombie (D:8)
  A mummy (D:8)
  A howler monkey zombie (D:8)
  Robin (D:2)
  4 gnolls (D:5)
  10 adders
  2 white imps
  2 ufetubi
  2 dart slugs
  39 orcs
  11 endoplasms
  12 giant cockroaches
  16 goblins
  8 hobgoblins
  6 jackals
  15 quokkas
  17 ball pythons
  3 bats (D:1)
  11 frilled lizards
  14 kobolds
  4 rats
306 creatures vanquished.

Vanquished Creatures (others)
  A kobold brigand (D:9)
  7 plants (D:6)
  4 withered plants (D:3)
12 creatures vanquished.

Grand Total: 318 creatures vanquished

Notes
Turn   | Place    | Note
-------+----------+-------------------------------------------
     0 | D:1      | greenreed the Troll Monk began the quest for the Orb.
     0 | D:1      | Reached XP level 1. HP: 22/22 MP: 0/0
   163 | D:1      | Reached XP level 2. HP: 29/29 MP: 1/1
   447 | D:1      | Reached XP level 3. HP: 36/36 MP: 2/2
   491 | D:1      | Found a faded altar of an unknown god.
   749 | D:2      | Noticed Robin
   806 | D:2      | Killed Robin
   807 | D:2      | Reached skill level 4 in Unarmed Combat
   816 | D:2      | Reached XP level 4. HP: 31/44 MP: 3/3
   857 | D:2      | Noticed Terence
   865 | D:2      | Killed Terence
   893 | D:2      | Noticed Jessica
   897 | D:2      | Killed Jessica
  1103 | D:2      | Reached XP level 5. HP: 46/52 MP: 4/4
  1318 | D:3      | Reached skill level 5 in Unarmed Combat
  1341 | D:3      | Found Jaq Fawa's Distillery.
  1382 | D:3      | Found a sparkling altar of Nemelex Xobeh.
  1455 | D:3      | Found a glowing drain.
  1478 | Sewer    | Entered a sewer
  1714 | Sewer    | Reached XP level 6. HP: 34/61 MP: 5/5
  1717 | Sewer    | Reached skill level 6 in Unarmed Combat
  1788 | D:3      | Found a stormy altar of Qazlal.
  1829 | D:3      | Found a runed translucent gate.
  1829 | D:3      | Found a runed translucent gate.
  1829 | D:3      | Found a runed translucent gate.
  1829 | D:3      | Noticed avis's ghost (amateur DgHu)
  1830 | D:3      | Noticed Palms's ghost (amateur TrWr)
  2001 | D:3      | Bought a potion of heal wounds for 60 gold pieces
  2001 | D:3      | Bought a potion of might for 48 gold pieces
  2001 | D:3      | Bought a potion of curing for 36 gold pieces
  2178 | D:4      | Noticed Blork the orc
  2191 | D:4      | Killed Blork the orc
  2192 | D:4      | Reached XP level 7. HP: 39/67 MP: 6/6
  2426 | D:4      | Reached skill level 7 in Unarmed Combat
  2542 | D:4      | Found Zuagef's Weapon Boutique.
  2843 | D:4      | Found a staircase to the Ecumenical Temple.
  2849 | Temple   | Entered the Ecumenical Temple
  2910 | Temple   | Became a worshipper of Warmaster Okawaru
  2910 | Temple   | Reached * piety under Okawaru
  2910 | Temple   | Reached ** piety under Okawaru
  3074 | D:5      | Entered Level 5 of the Dungeon
  3146 | D:5      | Found a broken altar of Ashenzari.
  3146 | D:5      | Found a snail-covered altar of Cheibriados.
  3317 | D:4      | Reached skill level 8 in Unarmed Combat
  3321 | D:5      | Reached XP level 8. HP: 73/78 MP: 7/7
  3412 | D:5      | Reached *** piety under Okawaru
  3432 | D:5      | Found Qilobet's Fire Supplies.
  3544 | D:5      | Reached skill level 9 in Unarmed Combat
  3644 | D:5      | Noticed Ijyb
  3656 | D:5      | Killed Ijyb
  3912 | D:6      | Found Giomniu's Distillery.
  3919 | D:6      | Reached **** piety under Okawaru
  3920 | D:6      | Reached skill level 10 in Unarmed Combat
  3922 | D:6      | Reached XP level 9. HP: 69/85 MP: 8/8
  3957 | D:6      | Bought a potion of degeneration for 15 gold pieces
  4140 | D:6      | Found a hazy altar of Hepliaklqana.
  4154 | D:6      | Received a gift from Okawaru
  4510 | D:7      | Found Cyprol's Book Shoppe.
  4525 | D:7      | Found Utzew's Armour Emporium.
  4530 | D:7      | Bought an orb of light for 192 gold pieces
  4557 | D:7      | Reached skill level 11 in Unarmed Combat
  4577 | D:7      | Found Edegit's Armour Boutique.
  4745 | D:7      | Found Hyciusay's Distillery.
  4777 | D:7      | Found Ugon's General Store.
  5215 | D:8      | Reached skill level 12 in Unarmed Combat
  5437 | D:8      | Reached skill level 5 in Fighting
  5448 | D:8      | Found an ancient bone altar of Kikubaaqudgha.
  5456 | D:8      | Reached ***** piety under Okawaru
  5545 | D:8      | Reached XP level 10. HP: 96/96 MP: 9/9
  5685 | D:8      | Reached skill level 13 in Unarmed Combat
  5775 | D:9      | Noticed Amaemon
  5776 | D:9      | Noticed an orange demon
  5782 | D:9      | Killed Amaemon
  5783 | D:9      | Reached skill level 1 in Shields
  5787 | D:9      | Killed an orange demon
  5787 | D:9      | Received a gift from Okawaru
  5891 | D:9      | Reached skill level 14 in Unarmed Combat
  6012 | D:9      | Found a staircase to the Orcish Mines.
  6381 | D:10     | Entered Level 10 of the Dungeon
  6453 | D:10     | Found a hide-covered altar of Uskayaw.
  6529 | D:10     | Reached XP level 11. HP: 105/105 MP: 10/10
  6663 | D:10     | Found a bloodstained altar of Trog.
  6668 | D:10     | Reached skill level 5 in Dodging
  6714 | D:10     | Identified the +8 flail of Rantaqou {heavy, rElec Will-
                  | Int+3}
  6753 | D:10     | Noticed a two-headed ogre
  6868 | D:10     | Reached skill level 15 in Unarmed Combat
  7063 | D:10     | Killed a two-headed ogre
  7063 | D:10     | Reached ****** piety under Okawaru
  7444 | D:11     | Received a gift from Okawaru
  7445 | D:11     | Reached skill level 1 in Maces & Flails
  7455 | D:11     | Hit by a large rock thrown by a cyclops

Illustrated notes

Levels and vault maps discovered:
D:1:      dpeg_arrival_renting, layout_basic, shapermc_ecumenical_altar_petra
D:2:      layout_basic, kennysheep_generic_room_7, uniq_jessica, uniq_terence,
          uniq_robin
D:3:      layout_rooms, overflow_temple_1_default, nemelex_spade_bored_becter,
          gup_sewer_entry_glass, serial_shops, nicolae_lakefront_shop,
          gammafunk_ghost_cemetery
D:4:      layout_cave_pods, minmay_temple_entry_enclosed_plants, serial_shops,
          shop_fountains, hex_tiny, amcnicky_mini_corridor_feature,
          minmay_manual_mail, uniq_blork_the_orc
D:5:      layout_rooms, jmf_multi_god_temple, nicolae_shop_fire_sale
          [nicolae_sub_dead_trees], minmay_fractal_squares_diagonal_5, uniq_ijyb
D:6:      layout_loops_ring, nicolae_hepliaklqana_hazy_memory, serial_shops,
          nicolae_diamond_shop
D:7:      layout_rooms, serial_shops, kennysheep_mini_moat, nicolae_square_shop,
          nicolae_square_shop, nicolae_stop_n_shop_1,
          nicolae_shop_temple_entry_statues_fountains
D:8:      layout_loops_ring, lemuel_mausoleum_altar_kikubaaqudgha
D:9:      layout_rooms, david_orc_1_choice, uniq_amaemon
D:10:     layout_basic, mainiacjoe_overflow_chevrons,
          mainiacjoe_overflow_boulevard, minmay_fractal_squares_gapless_5
D:11:     lemuel_ogre_cave, layout_basic, minmay_lair_entry_grove
Temple:   compressed_dpeg_circular_temple

Skill      XL: |  1  2  3  4  5  6  7  8  9 10 11 |
---------------+----------------------------------+-----
Unarmed Combat | 4 5 6 8 10 12 14 15 | 15.2
Dodging        | 3 4 5 |  5.2
Fighting       | 3 4 5 6 |  6.0
Stealth        | 2 |  2.3
Shields        | 1 |  1.7
Maces & Flails | 1 |  1.0
Evocations     | |  0.3

Action                     |  1- 3 |  4- 6 |  7- 9 | 10-12 || total
---------------------------+-------+-------+-------+-------++-------
  Melee: Unarmed           |    97 |   198 |   284 |   181 ||   760
         Punch             |     1 |     3 |    13 |       ||    17
         Whip              |       |       |       |    13 ||    13
  Evoke: Wand              |       |       |       |     4 ||     4
    Use: Potion            |       |       |       |     2 ||     2
         Scroll            |       |       |       |     1 ||     1
   Stab: Sleeping          |     2 |     3 |     4 |       ||     9
 Armour: Robe              |    34 |    65 |    19 |       ||   118
         Steam dragon scal |       |       |    25 |    43 ||    68
  Dodge: Dodged            |    36 |   115 |   122 |   100 ||   373
  Block: Other             |       |       |    12 |       ||    12
         Orb               |       |       |     4 |    50 ||    54
         Reflection        |       |       |     1 |     6 ||     7

Table legend: (Time is in decaauts)
 A = Elapsed time spent in this place.
 B = Non-inter-level travel time spent in this place.
 C = Inter-level travel time spent in this place.
 D = Time resting spent in this place.
 E = Time spent auto-exploring this place.
 F = Levels seen in this place.
 G = Mean time per level.
                   A        B        C        D        E       F      G
               +--------+--------+--------+--------+--------+-----+--------+
         Total |   7350 |   7004 |    346 |    234 |   4926 |  13 |  565.4 |
       Dungeon |   6960 |   6647 |    313 |    234 |   4774 |  11 |  632.7 |
        Temple |    113 |     80 |     33 |      0 |     70 |   1 |  113.0 |
         Sewer |    276 |    276 |      0 |      0 |     82 |   1 |  276.0 |
               +--------+--------+--------+--------+--------+-----+--------+

Top non-repeatable levels by time:
    D:10: 934 daAuts
     D:4: 888 daAuts
     D:8: 867 daAuts
     D:6: 748 daAuts
     D:9: 721 daAuts
     D:2: 665 daAuts
     D:5: 633 daAuts
     D:1: 632 daAuts
     D:3: 497 daAuts
     D:7: 360 daAuts
   Sewer: 276 daAuts
  Temple: 113 daAuts
    D:11: 13 daAuts
